 Dungeon Crawl Stone Soup version 0.31-a0-728-g01b46875f1 (webtiles) character file.

Game seed: 13883793978391643384

2063 Newt the Fighter (level 9, 0/67 HPs)
             Began as a Gargoyle Fighter on Sept 11, 2023.
             Was an Initiate of Gozag.
             Slain by a wight
             ... wielding a +5 long sword of freezing
              (5 damage)
             ... on level 7 of the Dungeon.
             The game lasted 00:05:05 (4993 turns).

Newt the Fighter (Gargoyle Fighter)                 Turns: 4993, Time: 00:05:05

Health: 0/67       AC: 22    Str: 24    XL:     9   Next: 25%
Magic:  9/9        EV:  9    Int:  9    God:    Gozag
Gold:   366        SH:  5    Dex:  9    Spells: 8/8 levels left

rFire   + . .        d - +3 mace (protect)
rCold   . . .        c - +1 buckler
rNeg    + . .        b - +0 scale mail
rPois   ∞            h - +0 helmet
rElec   +            (no cloak)
rCorr   .            (no gloves)
SInv    .            e - +0 pair of boots
Will    .....        (no amulet) Stlth
                     j - ring of protection from fire
HPRegen 0.31/turn    (no ring)
MPRegen 0.11/turn

%: no passive effects
@: gold aura, under a protective aura
A: sickness immunity, AC +6, negative energy resistance 1, electricity
resistance, torment resistance 1, petrification resistance
a: Renounce Religion, Potion Petition, Call Merchant, Bribe Branch


You were on level 7 of the Dungeon.
You worshipped Gozag.
Gozag was aware of your devotion.
You visited 1 branch of the dungeon, and saw 6 of its levels.

You collected 442 gold pieces.
You paid 76 gold pieces to Gozag.

Inventory:

Hand Weapons
 a - a +1 flail
 d - a +3 mace of protection (weapon)
Missiles
 f - a throwing net
 n - 4 boomerangs
Armour
 b - a +0 scale mail (worn)
 c - a +1 buckler (worn)
 e - a +0 pair of boots (worn)
 h - a +0 helmet (worn)
Jewellery
 j - a ring of protection from fire (left hand)
 m - a ring of flight
Wands
 g - a wand of acid (6)
Scrolls
 o - a scroll of amnesia {unknown}
 p - a scroll of brand weapon
 q - 2 scrolls of revelation
Potions
 i - 2 potions of curing
 k - a potion of cancellation
 l - a potion of attraction


   Skills:
 - Level 12.8 Fighting
 + Level 3.8 Maces & Flails
 - Level 3.2 Armour
 - Level 3.2 Shields


You had 8 spell levels left.
You didn't know any spells.
Your spell library contained the following spells:

 Spells                   Type           Power      Damage    Failure   Level
 Kiss of Death            Conj/Necr      0%         2d5       75%         1
 Confusing Touch          Hex            0%         N/A       98%         3
 Dispel Undead            Necr           0%         3d6       100%        4


Dungeon Overview and Level Annotations

Branches:
Dungeon (7/15)
 Temple: D:4-7

Altars:
Gozag
Hepliaklqana
Qazlal

Shops:
D:1 *


Innate Abilities, Weirdness & Mutations

You are immune to sickness and miasma.
Your stone body is resilient. (AC +6)
You are immune to poison.
You resist negative energy. (rN+)
You are resistant to electric shocks. (rElec)
You are resistant to unholy torment.
You are immune to petrification.


Message History

The shadow imp hits you.
Unknown command.
You hit the shadow imp.
You kill the shadow imp!
The wight is distracted by your dazzling golden aura.
You hit the wight.
The wight is lightly damaged.
The wight is no longer distracted by gold.
The wight barely misses you.
Unknown command.
You thump the wight!
The wight is almost destroyed.
The wight hits you but does no damage.
You hit the wight.
The wight is lightly damaged.
The wight hits you with a +5 long sword of freezing!
* * * LOW HITPOINT WARNING * * *
The wight freezes you.
* * * LOW HITPOINT WARNING * * *
Unknown command.
You hit the wight but do no damage.
The wight is lightly damaged.
You block the wight's attack.
Unknown command.
You hit the wight.
The wight is heavily damaged.
The wight closely misses you.
Unknown command.
You hit the wight.
The wight is heavily damaged.
The wight hits you but does no damage.
The wight is distracted by your dazzling golden aura.
Unknown command.
You hit the wight.
The wight is severely damaged.
The wight hits you with a +5 long sword of freezing!
* * * LOW HITPOINT WARNING * * *
The wight freezes you.
You die...
Your body crumbles into a pile of gold.

.....# .. .#....# ....... #
.# ##.....##
.......#.#.####.#.#......##
........#.##..##.#.........
.........##....##..........
...........................
...........................
.........##....##zz........
........#.##..##@#.........
.......#.#.####.#.#.....###
.......##.#....#.##......#
.#....#.##......##.#.......
.....#.#..........# #...###
###..##............# ....#
###.#............... #...#
....................
<..##..#.....#.....#


You could see 2 wights.

Vanquished Creatures
  A hornet (D:7)
  Sigmund (D:3)
  6 yaks (D:7)
  2 black bears (D:6)
  An ice beast (D:6)
  A sky beast (D:7)
  A bullfrog (D:6)
  2 scorpions
  A howler monkey (D:7)
  A gnoll bouda (D:6)
  A hound (D:7)
  An iguana (D:6)
  7 gnolls
  3 adders
  A shadow imp (D:7)
  2 white imps (D:6)
  An ufetubus (D:4)
  3 dart slugs
  A worm (D:2)
  10 orcs
  5 ball pythons
  10 endoplasms
  2 giant cockroaches (D:1)
  4 goblins
  4 hobgoblins
  5 kobolds
  4 quokkas
  3 bats
  3 rats
87 creatures vanquished.

Notes
Turn   | Place    | Note
-------+----------+-------------------------------------------
     0 | D:1      | Newt the Gargoyle Fighter began the quest for the Orb.
     0 | D:1      | Reached XP level 1. HP: 14/14 MP: 1/1
    62 | D:1      | Found Ampias's General Store.
    67 | D:1      | Reached XP level 2. HP: 20/20 MP: 2/2
    94 | D:1      | Reached skill level 4 in Fighting
   638 | D:2      | Reached XP level 3. HP: 24/24 MP: 3/3
  1135 | D:2      | Reached skill level 5 in Fighting
  1140 | D:2      | Reached XP level 4. HP: 22/31 MP: 4/4
  2106 | D:3      | Noticed Sigmund
  2139 | D:3      | Killed Sigmund
  2140 | D:3      | Reached skill level 7 in Fighting
  2140 | D:3      | Reached XP level 5. HP: 9/38 MP: 5/5
  2140 | D:3      | Reached XP level 6. HP: 11/44 MP: 6/6
  2802 | D:4      | You fall into a shaft and drop 2 floors!
  2810 | D:6      | Noticed a black bear
  2817 | D:6      | Killed a black bear
  2818 | D:6      | Reached skill level 8 in Fighting
  2945 | D:6      | Noticed a black bear
  2954 | D:6      | Reached XP level 7. HP: 21/50 MP: 7/7
  3355 | D:6      | Reached skill level 9 in Fighting
  3593 | D:6      | Found an opulent altar of Gozag.
  3598 | D:6      | Found a stormy altar of Qazlal.
  3605 | D:6      | Found a hazy altar of Hepliaklqana.
  3621 | D:6      | Became a worshipper of Gozag Ym Sagoz the Greedy
  3687 | D:6      | Reached skill level 10 in Fighting
  3687 | D:6      | Reached XP level 8. HP: 57/57 MP: 8/8
  4073 | D:7      | Noticed a yak
  4073 | D:7      | Noticed a yak
  4074 | D:7      | Noticed a yak
  4074 | D:7      | Noticed a yak
  4075 | D:7      | Noticed a yak
  4092 | D:7      | Noticed a yak
  4108 | D:7      | Killed a yak
  4126 | D:7      | Killed a yak
  4127 | D:7      | Reached skill level 11 in Fighting
  4128 | D:7      | Killed a yak
  4138 | D:7      | Killed a yak
  4144 | D:7      | Killed a yak
  4145 | D:7      | Reached skill level 12 in Fighting
  4145 | D:7      | Killed a yak
  4146 | D:7      | Reached XP level 9. HP: 26/67 MP: 9/9
  4363 | D:7      | Noticed a hornet
  4375 | D:7      | Killed a hornet
  4993 | D:7      | Slain by a wight

Illustrated notes

Levels and vault maps discovered:
D:1:      pf_arrival_petrified_forest, layout_basic, serial_shops, shop,
          minmay_small_reverse_x
D:2:      layout_loops_corners
D:3:      layout_rooms, uniq_sigmund
D:4:      layout_gridville, uniq_duvessa
D:6:      layout_cave_pools, minmay_overflow_temple_star_quad
D:7:      layout_rooms, amcnicky_altar_gilded, minmay_misc_feat_secret_circle,
          nicolae_letterblocks [nicolae_letter_subblock,
          nicolae_letter_subblock, nicolae_letter_subblock,
          nicolae_letter_subblock, nicolae_letter_subblock,
          nicolae_letter_subblock, nicolae_letter_subblock,
          nicolae_letter_subblock, nicolae_letter_subblock,
          nicolae_letter_subblock, nicolae_letter_subblock,
          nicolae_letter_subblock, nicolae_letter_subblock,
          nicolae_letter_subblock, nicolae_letter_subblock,
          nicolae_letter_subblock, nicolae_letter_subblock,
          nicolae_letter_subblock, nicolae_letter_subblock,
          nicolae_letter_subblock, nicolae_letter_subblock,
          nicolae_letter_subblock, nicolae_letter_subblock,
          nicolae_letter_subblock, nicolae_letter_subblock]

Skill      XL: |  1  2  3  4  5  6  7  8  9 |
---------------+----------------------------+-----
Fighting       | 4 5 7 8 10 12 | 12.8
Maces & Flails | 3 |  3.8
Armour         | |  3.2
Shields        | |  3.2

Action                     |  1- 3 |  4- 6 |  7- 9 || total
---------------------------+-------+-------+-------++-------
  Melee: Flail             |    83 |    96 |       ||   179
         Mace              |       |    30 |   161 ||   191
  Throw: Throwing net      |       |       |     1 ||     1
  Evoke: Wand              |       |       |     8 ||     8
    Use: Scroll            |     3 |     2 |     6 ||    11
         Potion            |       |     5 |     1 ||     6
   Stab: Invisible         |       |       |     2 ||     2
         Distracted        |       |       |     1 ||     1
 Armour: Scale mail        |    47 |   123 |   165 ||   335
  Dodge: Dodged            |    28 |    68 |    92 ||   188
  Block: Buckler           |    16 |    24 |    38 ||    78

Table legend: (Time is in decaauts)
 A = Elapsed time spent in this place.
 B = Non-inter-level travel time spent in this place.
 C = Inter-level travel time spent in this place.
 D = Time resting spent in this place.
 E = Time spent auto-exploring this place.
 F = Levels seen in this place.
 G = Mean time per level.
                   A        B        C        D        E       F      G
               +--------+--------+--------+--------+--------+-----+--------+
         Total |   5111 |   4952 |    159 |   1652 |   2444 |   6 |  851.8 |
       Dungeon |   5111 |   4952 |    159 |   1652 |   2444 |   6 |  851.8 |
               +--------+--------+--------+--------+--------+-----+--------+

Top non-repeatable levels by time:
     D:6: 1260 daAuts
     D:2: 1144 daAuts
     D:7: 986 daAuts
     D:3: 922 daAuts
     D:1: 627 daAuts
     D:4: 170 daAuts
